 Dungeon Crawl Stone Soup version 0.24.0-37-gcf1ca852f1 (webtiles) character file.

Game seed: 5268493121274956339, levelgen mode: deterministic

496 Iamsoldier the Covered (level 6, 0/57 HPs)
             Began as a Deep Dwarf Fighter on Dec 4, 2019.
             Slain by an ice beast (12 damage)
             ... on level 5 of the Dungeon.
             The game lasted 00:07:42 (3066 turns).

Iamsoldier the Covered (Deep Dwarf Fighter)         Turns: 3066, Time: 00:07:42

Health: 0/57       AC:  8    Str: 23    XL:     6   Next: 93%
Magic:  5/5        EV:  7    Int:  9    God:
Gold:   207        SH: 10    Dex: 12    Spells: 5/5 levels left

rFire    . . .     SeeInvis +   t - +0 broad axe
rCold    . . .     Gourm    .   c - +0 shield
rNeg     . . .     Faith    .   b - +0 scale mail
rPois    .         Spirit   .   (no helmet)
rElec    .         Reflect  .   (no cloak)
rCorr    .         Harm     .   v - +0 pair of gloves
MR       .....                  (no boots)
Stlth    ..........             (no amulet)
HPRegen  0.00/turn              j - +2 ring of strength
MPRegen  0.09/turn              u - ring of see invisible

@: non-regenerating
A: damage resistance, heal wounds, sense surroundings 1, no regeneration
a: Heal Wounds


You were on level 5 of the Dungeon.
You were hungry.

You visited 1 branch of the dungeon, and saw 5 of its levels.

You collected 207 gold pieces.

Inventory:

Hand Weapons
 a - a +0 war axe
 t - a +0 broad axe (weapon)
Armour
 b - a +0 scale mail (worn)
 c - a +0 shield (worn)
 v - a +0 pair of gloves (worn)
Jewellery
 j - a +2 ring of strength (left hand)
 r - an uncursed ring of protection from fire
 u - a ring of see invisible (right hand)
 E - an uncursed ring of magical power
Wands
 B - a wand of iceblast (5)
Scrolls
 h - 5 scrolls of identify {unknown}
 i - a scroll of teleportation {unknown}
 k - a scroll of amnesia {unknown}
 l - a scroll of fear {unknown}
 m - 2 scrolls of enchant weapon {unknown}
 o - a scroll of remove curse {unknown}
 p - 3 scrolls of immolation {unknown}
 s - a scroll of magic mapping {unknown}
 y - a scroll of blinking {unknown}
Potions
 d - 2 potions of might
 e - 2 potions of brilliance {unknown}
 g - 2 potions of haste {unknown}
 n - 2 potions of mutation {unknown}
 q - a potion of flight {unknown}
 w - a potion of curing {unknown}
 x - a potion of resistance {unknown}
 z - a potion of cancellation {unknown}
 A - a potion of lignification {unknown}
 C - a potion of agility {unknown}
Comestibles
 f - 17 rations
 D - 2 chunks of flesh


   Skills:
 + Level 4.2 Fighting
 + Level 4.4 Axes
 + Level 5.1 Armour
 + Level 5.1 Shields


You had 5 spell levels left.
You didn't know any spells.
Your spell library contained the following spells:

 Spells                   Type           Power        Failure   Level  Hunger
 Animate Skeleton         Necr           N/A          98%         1    ##.....
 Apportation              Tloc           #.....       98%         1    ##.....
 Confusing Touch          Hex            #.....       98%         1    ##.....
 Corona                   Hex            #......      98%         1    ##.....
 Summon Small Mammal      Summ           #...         98%         1    ##.....
 Ensorcelled Hibernation  Hex/Ice        #.....       99%         2    ###....
 Confuse                  Hex            #.......     100%        3    ####...
 Dazzling Spray           Conj/Hex       #.....       100%        3    ####...
 Tukima's Dance           Hex            #.......     100%        3    ####...


Dungeon Overview and Level Annotations

Branches:
Dungeon (5/15)
 Temple: D:4-7

Altars:
Vehumet


Innate Abilities, Weirdness & Mutations

You are resistant to damage.
You can heal yourself by infusing magical energy.
You passively map a small area around you.
You do not regenerate.


Message History

< or
j - a +2 ring of strength; > or
r - a ring of protection from fire You remove your ring of protection from fire.
You feel your magic capacity increase.
E - a ring of magical power (right hand)
You start resting.
You start resting.
Magic restored.
You're wearing all the rings you can.
Remove which one? (? for menu, Esc to cancel) < or
j - a +2 ring of strength; > or
E - a ring of magical power You remove your ring of magical power.
You feel your magic capacity decrease.
u - a ring of see invisible (right hand)
An ice beast comes into view.
You are feeling hungry.
Unknown command.
There is a stone staircase leading up here.
You hit the ice beast but do no damage. The ice beast hits you.
* * * LOW HITPOINT WARNING * * *
The ice beast freezes you!
You die...

#.............#
#..........##.#
#.....|....##.#
#..........##.##
#..........##..#######
**
##............).......
#..........###.#######
#.......Y..###.#####...
#.......@............#*
#....(.............###
#.................##
##................... *
##......#........##..
########........#* .#
#........# # ##########


You could see an ice beast.

Vanquished Creatures
  A scorpion (D:4)
  An orc priest (D:4)
  6 orc wizards (D:4)
  A bullfrog skeleton (D:4)
  A worker ant (D:4)
  4 gnolls (D:4)
  7 adders
  An ooze (D:1)
  2 adder skeletons (D:4)
  A worm (D:2)
  2 dart slugs
  3 leopard geckos (D:4)
  5 orcs
  4 bats
  3 giant cockroaches
  7 goblins
  10 hobgoblins
  3 jackals (D:1)
  9 kobolds
  4 quokkas
  5 frilled lizards
  A leopard gecko skeleton (D:4)
  3 rats
84 creatures vanquished.

Notes
Turn   | Place    | Note
-------+----------+-------------------------------------------
     0 | D:1      | Iamsoldier the Deep Dwarf Fighter began the quest for the
                  | Orb.
     0 | D:1      | Reached XP level 1. HP: 20/20 MP: 1/1
    98 | D:1      | Reached XP level 2. HP: 22/27 MP: 2/2
   361 | D:1      | Reached XP level 3. HP: 26/34 MP: 3/3
  1025 | D:2      | Reached XP level 4. HP: 23/42 MP: 4/4
  1729 | D:3      | Found a radiant altar of Vehumet.
  1820 | D:4      | Noticed a phantom
  1879 | D:4      | Reached XP level 5. HP: 18/49 MP: 5/5
  2040 | D:4      | Reached XP level 6. HP: 41/57 MP: 6/6
  2348 | D:4      | Reached skill level 5 in Armour
  2348 | D:4      | Reached skill level 5 in Shields
  2874 | D:5      | Entered Level 5 of the Dungeon
  3040 | D:5      | Noticed an ice beast
  3066 | D:5      | Slain by an ice beast

Levels and vault maps discovered:
D:1:      lightli_arrival_noodles, layout_loops_ring,
          hangedman_decor_peaks_small
D:2:      layout_rooms
D:3:      layout_basic, vehumet_crystals, first_ration, st_stairs_14
D:4:      layout_basic, serial_rivers, chequers_serial_rivers_large_a,
          chequers_serial_rivers_micro_c, chequers_serial_rivers_room_b,
          chequers_serial_rivers_room_a, minmay_a_box_with_orc_wizards_in_it
D:5:      layout_rooms, lemuel_round_altar

Skill      XL: |  1  2  3  4  5  6 |
---------------+-------------------+-----
Fighting       | 3 4 |  4.2
Axes           | 3 4 |  4.4
Armour         | 4 5 |  5.1
Shields        | 4 5 |  5.1

Action                   |  1- 3 |  4- 6 || total
-------------------------+-------+-------++-------
Melee: War axe           |   111 |   171 ||   282
       Broad axe         |       |     6 ||     6
 Abil: Heal Wounds       |       |     3 ||     3
  Eat: Chunk             |     1 |     6 ||     7
Armor: Scale mail        |    61 |    85 ||   146
Dodge: Dodged            |    35 |    56 ||    91
Block: Shield            |    80 |   106 ||   186
